 Dungeon Sprint DCSS version 0.23.2-1-ga50397a (webtiles) character file.

Game seed: 1467610166921665706

112 xveg the Covert (level 4, -3/24 HPs)
             Began as a Vine Stalker Assassin on May 15, 2019.
             Slain by Sigmund
             ... wielding a +0 scythe
              (8 damage)
             ... in the Dungeon (Sprint I: "Red Sonja").
             The game lasted 00:01:59 (414 turns).

xveg the Covert (Vine Stalker Assassin)              Turns: 414, Time: 00:02:00

Health: -3/24      AC:  3    Str: 13    XL:     4   Next: 95%
Magic:  0/5        EV: 13    Int: 11    God:
Gold:   54         SH:  0    Dex: 17    Spells: 3/3 levels left

rFire    . . .     SeeInvis .   b - +0 blowgun
rCold    . . .     Gourm    .   (no shield)
rNeg     . . .     Faith    .   c - +0 robe
rPois    .         Spirit   +   (no helmet)
rElec    .         Reflect  .   d - +0 cloak
rCorr    .         Harm     .   (no gloves)
MR       .....     NoTele   +   (no boots)
Stlth    +++++.....             (no amulet)
HPRegen  0.48/turn              (no ring)
MPRegen  0.09/turn              (no ring)

@: no status effects
A: fangs 2, regeneration 1, magic shield, antimagic bite, no potion heal 3, rot
immunity
a: no special abilities


You were in the Dungeon.
You were not hungry.

You visited 1 branch You collected 54 gold pieces.

Inventory:

Hand Weapons
 a - a +2 dagger
 b - a +0 blowgun (weapon)
Missiles
 e - 7 poisoned needles (quivered)
 f - 2 curare-tipped needles
Armour
 c - a +0 robe (worn)
 d - a +0 cloak (worn)
Scrolls
 m - a scroll of blinking
Potions
 h - a potion of curing
 i - a potion of heal wounds
 j - a potion of haste
 k - 2 potions of magic
 l - a potion of berserk rage
Comestibles
 g - a ration


   Skills:
 + Level 3.0 Fighting
 + Level 3.0 Short Blades
 + Level 3.0 Throwing
 + Level 2.0 Dodging
 + Level 10.8 Stealth


You had 3 spell levels left.
You didn't know any spells.
Your spell library was empty.

Dungeon Overview and Level Annotations

Branches:
Dungeon (1/1)

Altars:

Annotations:
D Sigmund


Innate Abilities, Weirdness & Mutations

You have extremely sharp teeth.
Your natural rate of healing is unusually fast.
When hurt, damage is shared between your health and your magic reserves.
Your bite disrupts and absorbs the magic of your enemies.
Potions cannot restore your health.
You are immune to rotting.


Message History

There is an open door here.
You close the door.
Sigmund opens the door.
You close the door.
Sigmund opens the door.
You close the door.
Sigmund opens the door.
You close the door.
Sigmund opens the door.
You close the door.
Sigmund opens the door.
Sigmund hits you from afar with a +0 scythe!
* * * LOW HITPOINT WARNING * * *
You close the door.
b - a +0 blowgun (weapon)
Sigmund opens the door.
Firing (i - inventory. (/) - cycle)
e - 8 poisoned needles (quivered)
Press: ? - help, Shift-Dir - straight line, f - Sigmund
Aim: Sigmund, wielding a +0 scythe, wearing a +0 robe and carrying a wand of flame (19) (moderately wounded)
You shoot a poisoned needle. The poisoned needle hits Sigmund!
Sigmund is poisoned.
Sigmund is moderately wounded.
Sigmund hits you from afar with a +0 scythe!
You die...

#############
#<.#.)'..#..+
#..'..#.)@..#
#..#####'####
#..# #@.#
#..# ####
#..# #⌠⌠#
####


You could see Sigmund.

Vanquished Creatures
  An ogre (D)
  Ijyb (D)
2 creatures vanquished.

Notes
Turn   | Place    | Note
-------+----------+-------------------------------------------
     0 | D        | xveg the Vine Stalker Assassin began the quest for the Orb.
     0 | D        | Reached XP level 1. HP: 11/11 MP: 2/2
     2 | D        | Noticed Ijyb
    21 | D        | Killed Ijyb
    21 | D        | Reached skill level 1 in Dodging
    21 | D        | Reached skill level 7 in Stealth
    21 | D        | Reached XP level 2. HP: 2/15 MP: 1/3
    21 | D        | Reached XP level 3. HP: 2/18 MP: 1/4
   380 | D        | Noticed an ogre
   383 | D        | Killed an ogre
   383 | D        | Reached skill level 10 in Stealth
   383 | D        | Gained mutation: Your natural rate of healing is unusually
                  | fast. [Vine Stalker growth]
   383 | D        | Reached XP level 4. HP: 24/24 MP: 5/5
   394 | D        | Noticed Sigmund
   414 | D        | Slain by Sigmund

Skill      XL: |  1  2  3 |
---------------+----------+-----
Fighting       | 2 3 |  3.0
Short Blades   | 2 3 |  3.0
Throwing       | 2 3 |  3.0
Dodging        | 1 2 |  2.0
Stealth        | 7 10 | 10.8

Action                   |  1- 3 |  4- 6 || total
-------------------------+-------+-------++-------
Melee: Dagger            |    18 |     4 ||    22
       Bite              |     4 |     3 ||     7
 Fire: Blowgun           |       |     1 ||     1
 Stab: Sleeping          |     2 |       ||     2
Armor: Robe              |     2 |       ||     2
Dodge: Dodged            |     8 |     2 ||    10
